 Dungeon Crawl Stone Soup version 0.30-a0-840-ga523dec638 (webtiles) character file.

Game seed: 10183911704388764205

50 qeuew the Shooter (level 4, 0/34 HPs)
             Began as a Formicid Hunter on Mar 1, 2023.
             Slain by an adder (1 damage)
             ... on level 2 of the Dungeon.
             The game lasted 00:01:33 (1190 turns).

qeuew the Shooter (Formicid Hunter)                 Turns: 1190, Time: 00:01:34

Health: 0/34       AC:  3    Str: 15    XL:     4   Next: 4%
Magic:  4/4        EV: 12    Int:  9    God:
Gold:   61         SH:  0    Dex: 19    Spells: 3/3 levels left

rFire   . . .      SeeInvis +    a - +0 shortbow
rCold   . . .      Faith    .    (no shield)
rNeg    . . .      Spirit   .    c - +0 leather armour
rPois   .          Reflect  .    (helmet unavailable)
rElec   .          Harm     .    (no cloak)
rCorr   .          Rampage  .    (no gloves)
Will    .....                    (no boots)
Stlth   ++                       (no amulet)
HPRegen 0.25/turn                (no ring)
MPRegen 0.09/turn                (no ring)

@: no status effects
A: permanent stasis, dig shafts and tunnels, antennae 3, four strong arms
a: Dig, Shaft Self


You were on level 2 of the Dungeon.
You visited 1 branch of the dungeon, and saw 2 of its levels.

You collected 61 gold pieces.

Inventory:

Hand Weapons
 a - a +0 shortbow (weapon)
 g - a +2 dagger of venom
Armour
 c - a +0 leather armour (worn)
Scrolls
 b - a scroll of immolation
 d - a scroll of poison {unknown}
 f - 2 scrolls of enchant weapon {unknown}
 i - a scroll of enchant armour {unknown}
 j - a scroll of brand weapon {unknown}
 k - a scroll of blinking {unknown}
 l - 2 scrolls of identify {unknown}
 m - a scroll of teleportation {unknown}
Potions
 e - 2 potions of degeneration {unknown}
 h - a potion of heal wounds {unknown}


   Skills:
 + Level 2.7 Fighting
 + Level 0.2 Short Blades
 * Level 4.4 Ranged Weapons
 + Level 1.1 Armour
 + Level 2.2 Dodging
 + Level 2.1 Stealth


You had 3 spell levels left.
You didn't know any spells.
Your spell library contained the following spells:

 Spells                   Type           Power      Damage    Failure   Level
 Magic Dart               Conj           0%         1d3       45%         1
 Searing Ray              Conj           0%         2d4       58%         2
 Fulminant Prism          Conj/Hex       0%         3d5       99%         4


Dungeon Overview and Level Annotations

Branches:
Dungeon (2/15)

Altars:

Annotations:
D:2 Robin


Innate Abilities, Weirdness & Mutations

You cannot be hasted, slowed, berserked, paralysed or teleported.
You can dig through walls and to a lower floor.
You have a pair of large antennae on your head. (SInv)
Your four strong arms can wield two-handed weapons with a shield.


Message History

You shoot an arrow. The arrow closely misses Robin.
An adder comes into view.
Robin shoots a sling bullet.
The sling bullet hits you!
The adder hisses angrily.
You shoot an arrow. The arrow closely misses Robin.
Robin shoots a sling bullet.
The sling bullet hits you!
You are too injured to fight recklessly!
You are too injured to fight recklessly!
You are too injured to fight recklessly!
You are too injured to fight recklessly!
You are too injured to fight recklessly!
You are too injured to fight recklessly!
You are too injured to fight recklessly!
You are too injured to fight recklessly!
Fire: a) +0 shortbow
Press: ? - help, Q - select action, (/) - cycle Shift-Dir - straight line, f/p - Robin
Aim: Robin, wielding the +6 sling of Eternal War {heavy, rElec Will+ Int+5 Dex-2}, wearing a +0 animal skin and wearing a +1 helmet (severely wounded, fast, 71% to hit)
You shoot an arrow. The arrow completely misses Robin.
Robin shoots a sling bullet.
The sling bullet hits you.
* * * LOW HITPOINT WARNING * * *
Fire: a) +0 shortbow
Press: ? - help, Q - select action, (/) - cycle Shift-Dir - straight line, f/p - Robin
Aim: Robin, wielding the +6 sling of Eternal War {heavy, rElec Will+ Int+5 Dex-2}, wearing a +0 animal skin and wearing a +1 helmet (severely wounded, fast, 71% to hit)
You shoot an arrow. The arrow barely misses Robin.
Robin shoots a sling bullet.
The sling bullet hits you but does no damage.
Fire: a) +0 shortbow
Press: ? - help, Q - select action, (/) - cycle Shift-Dir - straight line, f/p - Robin
Aim: Robin, wielding the +6 sling of Eternal War {heavy, rElec Will+ Int+5 Dex-2}, wearing a +0 animal skin and wearing a +1 helmet (severely wounded, fast, 71% to hit)
You shoot an arrow. The arrow barely misses Robin.
Robin shoots a sling bullet.
The sling bullet hits you!
* * * LOW HITPOINT WARNING * * *
The adder misses you.
Fire: a) +0 shortbow
Press: ? - help, Q - select action, (/) - cycle Shift-Dir - straight line, f/p - Robin
Aim: Robin, wielding the +6 sling of Eternal War {heavy, rElec Will+ Int+5 Dex-2}, wearing a +0 animal skin and wearing a +1 helmet (severely wounded, fast, 71% to hit)
You shoot an arrow. The arrow hits the adder.
The adder is severely wounded.
The adder bites you.
You die...

.................>...##.
.........##.............
.........##...........##
#.......##...........##
##..............>.......
#.......................
.............##.#...##..
..........#.......####..
.......@....###...).....
......S..#### #..#####..
.........# #..# # #.#
........## ... ....#
....g.... .....
.......... .#.##
#.......... .
##.........# .# .....
#.#


You could see Robin (fast) and an adder.

Vanquished Creatures
  A worm (D:2)
  2 bats (D:1)
  2 endoplasms
  A giant cockroach (D:1)
  14 goblins
  8 hobgoblins
  A jackal (D:2)
  2 ball pythons
  A frilled lizard (D:2)
  7 rats
39 creatures vanquished.

Vanquished Creatures (others)
  2 plants (D:1)
2 creatures vanquished.

Grand Total: 41 creatures vanquished

Notes
Turn   | Place    | Note
-------+----------+-------------------------------------------
     0 | D:1      | qeuew the Formicid Hunter began the quest for the Orb.
     0 | D:1      | Reached XP level 1. HP: 16/16 MP: 1/1
    77 | D:1      | Reached XP level 2. HP: 23/23 MP: 2/2
   638 | D:1      | Reached XP level 3. HP: 28/28 MP: 3/3
   790 | D:2      | Reached skill level 1 in Armour
  1113 | D:2      | Reached XP level 4. HP: 34/34 MP: 4/4
  1181 | D:2      | Identified the +6 sling of Eternal War {heavy, rElec Will+
                  | Int+5 Dex-2}
  1181 | D:2      | Noticed Robin
  1189 | D:2      | HP: 1/34 [Robin/sling bullet (9)]
  1190 | D:2      | Slain by an adder

Illustrated notes

Levels and vault maps discovered:
D:1:      kennysheep_arrival_seaside, layout_loops_ring, minmay_distorted
D:2:      layout_rooms, uniq_robin, uniq_natasha

Skill      XL: |  1  2  3 |
---------------+----------+-----
Dodging        | 2 |  2.2
Armour         | 1 |  1.1
Stealth        | 2 |  2.1
Fighting       | |  2.7
Short Blades   | |  0.2
Ranged Weapons | |  4.4

Action                     |  1- 3 |  4- 6 || total
---------------------------+-------+-------++-------
   Fire: Shortbow          |   101 |    12 ||   113
Ability: Dig               |     2 |       ||     2
 Armour: Leather armour    |     9 |     1 ||    10
  Dodge: Dodged            |     9 |     5 ||    14

Table legend: (Time is in decaauts)
 A = Elapsed time spent in this place.
 B = Non-inter-level travel time spent in this place.
 C = Inter-level travel time spent in this place.
 D = Time resting spent in this place.
 E = Time spent auto-exploring this place.
 F = Levels seen in this place.
 G = Mean time per level.
                   A        B        C        D        E       F      G
               +--------+--------+--------+--------+--------+-----+--------+
         Total |   1228 |   1099 |    129 |      0 |    887 |   2 |  614.0 |
       Dungeon |   1228 |   1099 |    129 |      0 |    887 |   2 |  614.0 |
               +--------+--------+--------+--------+--------+-----+--------+

Top non-repeatable levels by time:
     D:1: 802 daAuts
     D:2: 426 daAuts
